AoeStats
← ME_DEPRIME_JUGAR_CON_USTEDES

MegaRandom

509490717Analyzed
2v2 RM · 4d ago on Sep 27, 2026· 36m 46s· 4 players
Game mode
Random Map
Map size
Medium (4 player)
Population
200
Speed
Normal
Resources
Standard
Victory
Conquest
Starting age
Dark Age
Ending age
Imperial Age
RankedLock teamsTeams togetherTeam positionsShared explorationLock speedFull tech treeHidden civsTurbo modeCheats
Victory
Defeat
1551
+13
🇦🇷 Franks · Argentina
1394
+21
🇻🇳 Varangians · Vietnam
1508
-18
🇧🇷 Britons · Brazil
1469
-16
brunoteixeirster
7:31 Loom
10:42 Feudal Age
15:59 Castle Age
15:33 Double-Bit Axe
19:51 Fervor
21:24 Gold Mining
22:28 Fletching
24:20 Ballistics
26:04 Padded Archer Armor
26:12 Horse Collar
27:10 Wheelbarrow
32:58 Imperial Age
31:10 Bodkin Arrow
32:16 Hand Cart
33:33 Town Watch
33:51 Bracer
35:11 Chemistry
34:42 Crossbowman
35:44 Leather Archer Armor
DEXXTER
7:16 Loom
9:35 Feudal Age
10:38 Double-Bit Axe
11:13 Bloodlines
11:13 Horse Collar
20:01 Castle Age
18:28 Gold Mining
19:24 Scale Barding Armor
19:29 Forging
21:33 Chain Barding Armor
22:20 Husbandry
24:18 Light Cavalry
28:08 Wheelbarrow
31:05 Hand Cart
31:40 Iron Casting
35:41 Imperial Age
38:34 Imperial Age
JLoops
10:56 Feudal Age
14:37 Castle Age
12:39 Double-Bit Axe
16:17 Bow Saw
20:43 Wheelbarrow
22:37 Hand Cart
24:17 Gold Mining
24:45 Town Watch
25:42 Loom
28:35 Imperial Age
27:51 Gold Shaft Mining
27:25 Scale Barding Armor
29:15 Chain Barding Armor
28:44 Cavalier
29:25 Husbandry
30:45 Plate Barding Armor
31:26 Fletching
30:57 Paladin
33:59 Forging
35:19 Iron Casting
37:17 Blast Furnace
ME_DEPRIME_JUGAR_CON_USTEDES
10:12 Loom
11:57 Feudal Age
16:24 Castle Age
15:03 Double-Bit Axe
17:55 Bow Saw
17:30 Horse Collar
19:45 Wheelbarrow
21:48 Gold Mining
23:26 Fletching
25:00 Bodkin Arrow
25:06 Padded Archer Armor
29:20 Town Watch
34:01 Imperial Age
32:11 Leather Archer Armor
33:07 Ballistics
33:16 Scale Barding Armor
33:22 Forging
34:45 Bracer
36:12 Chemistry
35:51 Hand Cart
35:30 Elite Rattan Archer
37:13 Ring Archer Armor
Connection lost

Rejoining the realm…

Still unreachable

The connection could not be restored.

Session expired

The server has moved on; the page needs a fresh start.